AoeStats
← chen_yang90

Nomad

508485363Analyzed
2v2 RM · 9d ago on Sep 22, 2026· 46m 7s· 4 players
Game mode
Random Map
Map size
176×176
Population
200
Speed
Normal
Resources
Standard
Victory
Conquest
Starting age
Dark Age
Ending age
Imperial Age
RankedLock teamsTeams togetherTeam positionsShared explorationLock speedFull tech treeHidden civsTurbo modeCheats
Victory
Defeat
🇩🇪 Lithuanians · Germany
1125
+18
🇩🇪 Maya · Germany
1125
+18
🇦🇹 Saxons · Austria
1189
-18
🇦🇹 Varangians · Austria
1161
-18
hoogro
5:40 Loom
14:01 Feudal Age
19:59 Castle Age
17:58 Fletching
18:32 Bloodlines
21:22 Scale Barding Armor
21:29 Forging
22:15 Bodkin Arrow
23:40 Double-Bit Axe
26:16 Padded Archer Armor
26:55 Iron Casting
30:48 Padded Archer Armor
32:01 Bow Saw
33:03 Elite Skirmisher
42:20 Ballistics
IsiBee
4:30 Loom
13:36 Feudal Age
14:42 Double-Bit Axe
19:36 Castle Age
17:52 Forging
17:26 Fishing Lines
18:43 Scale Mail Armor
18:49 Fletching
21:03 Gold Mining
21:07 Stone Mining
22:26 Medium Warships
22:53 Bow Saw
23:58 Iron Casting
27:18 Bodkin Arrow
29:01 Chain Mail Armor
29:46 Squires
31:01 Gillnets
33:26 Wheelbarrow
34:31 Hand Cart
34:36 Town Watch
37:18 Gold Shaft Mining
40:15 Imperial Age
41:28 Plate Mail Armor
40:21 Shield Wall
41:25 Conscription
41:35 Bracer
44:32 Two-Man Saw
43:58 Horse Collar
45:18 Ballistics
45:59 Chemistry
Dr.KoMi
3:57 Loom
13:21 Feudal Age
14:47 Town Watch
15:21 Stone Mining
17:56 Castle Age
16:35 Double-Bit Axe
17:21 Gold Mining
18:25 Fletching
23:58 Bodkin Arrow
26:16 Wheelbarrow
29:30 Padded Archer Armor
32:21 Leather Archer Armor
36:53 Imperial Age
37:23 Ballistics
37:09 Horse Collar
38:51 Heavy Plow
40:54 Chemistry
41:49 Bow Saw
42:25 Bracer
44:16 Conscription
45:10 Ring Archer Armor
46:47 Scale Mail Armor
chen_yang90
5:50 Loom
6:07 Loom
14:11 Feudal Age
16:34 Horse Collar
17:12 Double-Bit Axe
20:50 Forging
23:19 Castle Age
21:18 Gold Mining
21:19 Stone Mining
23:12 Wheelbarrow
25:02 Wheelbarrow
25:26 Bow Saw
25:18 Heavy Plow
31:07 Bloodlines
32:21 Scale Barding Armor
33:32 Husbandry
34:38 Hand Cart
36:08 Chain Barding Armor
36:23 Iron Casting
36:27 Town Watch
39:59 Imperial Age
37:03 Light Cavalry
40:05 Cavalier
40:20 Winged Hussar
42:08 Two-Man Saw
41:40 Crop Rotation
41:57 Plate Barding Armor
42:22 Conscription
42:15 Paladin
43:55 Scale Mail Armor
Connection lost

Rejoining the realm…

Still unreachable

The connection could not be restored.

Session expired

The server has moved on; the page needs a fresh start.